 Dungeon Crawl Stone Soup version 0.26.1-11-gd32895ea62 (webtiles) character file.

Game seed: 2131551597546177193

336 promet the Magician (level 6, 0/36 HPs)
             Began as a Deep Elf Venom Mage on June 24, 2021.
             Slain by Grinder (1 damage)
             ... on level 3 of the Dungeon.
             The game lasted 00:20:21 (3721 turns).

promet the Magician (Deep Elf Venom Mage)           Turns: 3721, Time: 00:20:23

Health: 0/36       AC:  5    Str:  7    XL:     6   Next: 28%
Magic:  15/15      EV: 13    Int: 20    God:
Gold:   137        SH:  0    Dex: 15    Spells: 8/14 levels left

rFire    . . .     SeeInvis .   q - +0 short sword
rCold    . . .     Faith    +   (no shield)
rNeg     . . .     Spirit   .   d - +2 robe
rPois    .         Reflect  .   f - +0 helmet
rElec    .         Harm     .   (no cloak)
rCorr    .         Rampage  .   (no gloves)
Will     .....                  (no boots)
Stlth    ++........             h - amulet of faith
HPRegen  0.12/turn              (no ring)
MPRegen  0.14/turn              (no ring)

@: no status effects
A: no striking features
a: no special abilities


You were on level 3 of the Dungeon.
You visited 1 branch of the dungeon, and saw 3 of its levels.

You collected 137 gold pieces.

Inventory:

Hand Weapons
 a - a +0 scythe
 b - a +0 hunting sling
 e - a +0 dagger
 k - a +0 whip
 m - a +2 short sword of venom
 q - a +0 short sword (weapon)
Missiles
 c - 73 stones
Armour
 d - a +2 robe (worn)
 f - a +0 helmet (worn)
 g - a +0 leather armour
 n - a +2 pair of boots
Jewellery
 h - an amulet of faith (around neck)
Wands
 r - a wand of flame (7)
Scrolls
 i - 3 scrolls of enchant armour
 l - 2 scrolls of remove curse
 p - a scroll of teleportation
Potions
 j - a potion of brilliance
 s - 2 potions of mutation {unknown}


   Skills:
 * Level 2.4 Fighting
 + Level 0.8 Short Blades
 + Level 0.4 Slings
 + Level 3.2 Dodging
 + Level 2.6 Stealth
 + Level 4.8 Spellcasting
 + Level 1.8 Transmutations
 + Level 1.4 Air Magic
 + Level 4.7 Poison Magic


You had 8 spell levels left.
You knew the following spells:

 Your Spells              Type           Power        Failure   Level
a - Sting                 Tmut/Pois      68%          3%          1
b - Poisonous Vapours     Pois/Air       34%          4%          2
c - Ignite Poison         Fire/Tmut/Pois 13%          14%         3

Your spell library contained the following spells:

 Spells                   Type           Power        Failure   Level
 Corona                   Hex            4%           12%         1
 Mephitic Cloud           Conj/Pois/Air  13%          16%         3
 Olgreb's Toxic Radiance  Pois           23%          17%         4
 Ensorcelled Hibernation  Hex/Ice        8%           19%         2
 Confusing Touch          Hex            4%           34%         3
 Dazzling Flash           Conj/Hex       8%           34%         3
 Tukima's Dance           Hex            4%           34%         3


Dungeon Overview and Level Annotations

Branches:
Dungeon (3/15)

Altars:
Sif Muna
Uskayaw

Annotations:
D:3 Grinder


Message History

Press: ? - help, Shift-Dir - straight line, f/p - Grinder
Aim: Grinder (severely wounded, 36% to evade)
The puff of flame hits Grinder.
Grinder is severely wounded.
Grinder gestures at you. Pain shoots through your body!
* * * LOW HITPOINT WARNING * * *
Aiming: Throw Flame
Press: ? - help, Shift-Dir - straight line, f/p - Grinder
Aim: Grinder (severely wounded, 36% to evade)
The puff of flame misses Grinder.
Grinder hits you but does no damage.
Okay, then.
Okay, then.
Aiming: Throw Flame
Press: ? - help, Shift-Dir - straight line, f/p - Grinder
Aim: Grinder (severely wounded, 36% to evade)
The puff of flame misses Grinder.
Grinder hits you!
* * * LOW HITPOINT WARNING * * *
You writhe in agony.
You die...

######.###.####### #.# # #.# #^#
#.# # #.# #.# #.# # ####.###.#
#.# # #.....##.# #.####
#.##..##.#########.....
#########.##..##...............
###..........)..#################
.>..........###5@..).............
###.######### ###################
#.# #.# #.# #.# #.# #.#


You could see Grinder.

Vanquished Creatures
  Sigmund (D:3)
  Terence (D:2)
  Ijyb (D:3)
  Robin (D:2)
  3 gnolls (D:3)
  4 adders (D:2)
  A dart slug (D:1)
  5 bats
  2 giant cockroaches
  20 goblins
  4 hobgoblins
  5 kobolds
  2 quokkas (D:3)
  2 frilled lizards
  10 rats
62 creatures vanquished.

Notes
Turn   | Place    | Note
-------+----------+-------------------------------------------
     0 | D:1      | promet the Deep Elf Venom Mage began the quest for the Orb.
     0 | D:1      | Reached XP level 1. HP: 10/10 MP: 6/6
   237 | D:1      | Reached XP level 2. HP: 13/15 MP: 4/8
   315 | D:1      | Learned a level 2 spell: Poisonous Vapours
   871 | D:1      | Reached skill level 1 in Fighting
  1198 | D:2      | Reached XP level 3. HP: 15/20 MP: 7/10
  1375 | D:2      | Found a hide-covered altar of Uskayaw.
  1610 | D:2      | Noticed Terence
  1637 | D:2      | Killed Terence
  1638 | D:2      | Reached XP level 4. HP: 26/26 MP: 5/11
  2123 | D:2      | Found a shimmering blue altar of Sif Muna.
  2174 | D:3      | Noticed Ijyb
  2177 | D:3      | Killed Ijyb
  2181 | D:3      | Noticed Sigmund
  2281 | D:3      | Noticed Robin
  2562 | D:2      | Killed Robin
  2623 | D:2      | Learned a level 3 spell: Ignite Poison
  2697 | D:3      | Reached XP level 5. HP: 23/30 MP: 8/13
  3229 | D:3      | Killed Sigmund
  3230 | D:3      | Reached skill level 1 in Air Magic
  3230 | D:3      | Reached XP level 6. HP: 36/36 MP: 8/15
  3702 | D:3      | Noticed Grinder
  3710 | D:3      | Paralysed by Grinder for 5 turns
  3721 | D:3      | HP: 1/36 [Grinder (9)]
  3721 | D:3      | Slain by Grinder

Illustrated notes

Levels and vault maps discovered:
D:1:      amcnicky_arrival_wind_blow, layout_basic, hex_intersection,
          minmay_domino_4
D:2:      layout_loops_ring, led_sif_pool, eat_drink_and_be_merry_uskayaw,
          chequers_serial_rivers_micro_e, uniq_terence
D:3:      layout_loops_ring, lemuel_coloured_pillars_altar, uniq_ijyb,
          uniq_sigmund, uniq_robin, uniq_grinder

Skill      XL: |  1  2  3  4  5 |
---------------+----------------+-----
Fighting       | 1 2 |  2.4
Poison Magic   | 4 |  4.7
Spellcasting   | 4 |  4.8
Dodging        | 3 |  3.2
Air Magic      | 1 |  1.4
Short Blades   | |  0.8
Slings         | |  0.4
Stealth        | |  2.6
Transmutations | |  1.8

Action                   |  1- 3 |  4- 6 || total
-------------------------+-------+-------++-------
Melee: Unarmed           |     1 |       ||     1
       Short sword       |     7 |    33 ||    40
       Scythe            |       |     2 ||     2
 Fire: Hunting sling     |       |     5 ||     5
 Cast: Sting             |    29 |    17 ||    46
       Poisonous Vapours |    15 |    24 ||    39
Evoke: Wand              |       |    12 ||    12
  Use: Scroll            |     5 |     1 ||     6
       Potion            |     2 |     3 ||     5
 Stab: Sleeping          |       |     1 ||     1
Armor: Robe              |     2 |    21 ||    23
Dodge: Dodged            |    12 |    45 ||    57
